 Dungeon Crawl Stone Soup version 0.23.2-11-gf996548 (webtiles) character file.

Game seed: 15323559812673085927

295 Fang the Skirmisher (level 6, -9/58 HPs)
             Began as a Gargoyle Berserker on June 3, 2019.
             Was a Believer of Trog.
             Mangled by a yak (13 damage)
             ... on level 4 of the Dungeon.
             The game lasted 00:03:11 (2286 turns).

Fang the Skirmisher (Gargoyle Berserker)            Turns: 2286, Time: 00:03:12

Health: -9/58      AC:  8    Str: 28    XL:     6   Next: 34%
Magic:  6/6        EV: 12    Int:  7    God:    Trog [**....]
Gold:   184        SH:  0    Dex:  9    Spells: 5/5 levels left

rFire    . . .     SeeInvis .   a - +0 hand axe
rCold    + . .     Gourm    +   (no shield)
rNeg     + . .     Faith    .   b - +0 animal skin
rPois    ∞         Spirit   .   (no helmet)
rElec    +         Reflect  .   (no cloak)
rCorr    +         Harm     .   n - +1 pair of gloves
MR       .....                  (no boots)
Stlth    ..........             o - amulet of the gourmand
HPRegen  0.19/turn              d - ring of resist corrosion
MPRegen  0.10/turn              r - ring of protection from cold

@: berserking, very quick
A: negative energy resistance 1, electricity resistance, unbreathing,
petrification resistance, rot immunity, AC +4
a: Berserk, Trog's Hand, Renounce Religion


You were on level 4 of the Dungeon.
You worshipped Trog.
Trog was pleased with you.
You were very full.

You visited 1 branch of the dungeon, and saw 4 of its levels.

You collected 184 gold pieces.

Inventory:

Hand Weapons
 a - a +0 hand axe (weapon)
Armour
 b - a +0 animal skin (worn)
 n - a +1 pair of gloves (worn)
Jewellery
 d - a ring of resist corrosion (left hand)
 o - an amulet of the gourmand (around neck)
 r - a ring of protection from cold (right hand)
Scrolls
 g - 3 scrolls of identify {unknown}
 k - 2 scrolls of enchant armour {unknown}
 p - a scroll of blinking {unknown}
Potions
 e - 2 potions of flight {unknown}
 f - a potion of mutation {unknown}
 h - a potion of might {unknown}
 i - 3 potions of curing {unknown}
 j - 2 potions of ambrosia {unknown}
 l - a potion of degeneration {unknown}
 m - a potion of invisibility {unknown}
Comestibles
 c - 4 rations
 q - 4 chunks of flesh


   Skills:
 + Level 4.7 Fighting
 + Level 3.9 Axes
 + Level 4.0 Armour
 + Level 3.0 Dodging


You had 5 spell levels left.
You didn't know any spells.
Your spell library was empty.

Dungeon Overview and Level Annotations

Branches:
Dungeon (4/15)
 Temple: D:4-7

Altars:


Innate Abilities, Weirdness & Mutations

You are resistant to torment.
Your stone body is resilient. (AC +4)
You are immune to poison.
You resist negative energy. (rN+)
You are resistant to electric shocks. (rElec)
You can survive without breathing.
You are immune to petrification.
You are immune to rotting.


Message History

The yak gores you but does no damage. x2; The yak barely misses you.
The yak gores you!
* * * LOW HITPOINT WARNING * * *
The yak misses you.
You slash the yak!
The yak is almost dead.
You slash the yak!
You kill the yak!
Trog accepts your kill.
Your Armour skill increases to level 4!
Your Dodging skill increases to level 3!
You have reached level 6!
Your experience leads to an increase in your attributes!
Your base attributes are Str 22, Int 7, Dex 9.
Increase (S)trength, (I)ntelligence, or (D)exterity?
You feel stronger.
You closely miss the yak. x2; You hit the yak. x2; The yak gores you!
* * * LOW HITPOINT WARNING * * *
The yak closely misses you. The yak gores you!
You die...

#...........#
...........##
#...........#
#...........##
#...........#
#...........#
##.YYY......#
#..Y@†.....#
#...#Y...?.##
#... ##....##
.... ##.<##
... #### .. .


You could see 5 yaks.

Vanquished Creatures
  A yak (D:4)
  3 gnolls (D:2)
  7 adders
  An ooze (D:1)
  3 dart slugs
  2 leopard geckos
  2 orcs (D:3)
  A ball python (D:3)
  A giant cockroach (D:3)
  5 goblins
  8 hobgoblins
  4 jackals (D:3)
  2 kobolds (D:2)
  A quokka (D:3)
  3 bats
  3 frilled lizards
  3 rats (D:1)
50 creatures vanquished.

Notes
Turn   | Place    | Note
-------+----------+-------------------------------------------
     0 | D:1      | Fang the Gargoyle Berserker began the quest for the Orb.
     0 | D:1      | Reached XP level 1. HP: 14/14 MP: 1/1
   110 | D:1      | Reached XP level 2. HP: 11/19 MP: 2/2
  1187 | D:2      | Reached XP level 3. HP: 23/23 MP: 3/3
  1475 | D:2      | Reached XP level 4. HP: 29/29 MP: 4/4
  1695 | D:3      | Reached ** piety under Trog
  1887 | D:3      | Reached XP level 5. HP: 20/33 MP: 5/5
  2276 | D:4      | Noticed a yak
  2276 | D:4      | Noticed a yak
  2277 | D:4      | Noticed a yak
  2277 | D:4      | Noticed a yak
  2277 | D:4      | Noticed a yak
  2277 | D:4      | Noticed a yak
  2286 | D:4      | Killed a yak
  2286 | D:4      | Reached XP level 6. HP: 15/39 MP: 6/6
  2286 | D:4      | Mangled by a yak

Skill      XL: |  1  2  3  4  5 |
---------------+----------------+-----
Axes           | 3 |  3.9
Dodging        | 2 3 |  3.0
Armour         | 3 4 |  4.0
Fighting       | 4 |  4.7

Action                   |  1- 3 |  4- 6 || total
-------------------------+-------+-------++-------
Melee: Hand axe          |    77 |   102 ||   179
Invok: Berserk           |     1 |     1 ||     2
 Stab: Sleeping          |     1 |       ||     1
  Eat: Chunk             |     3 |    12 ||    15
Armor: Animal skin       |    24 |    48 ||    72
Dodge: Dodged            |    48 |   105 ||   153
